 Dungeon Crawl Stone Soup version 0.31-a0-237-g2d982f9f85 (webtiles) character file.

Game seed: 5243874307065520282

88 spardeous the Digger (level 4, 18/18 HPs)
             Began as a Felid Earth Elementalist on July 11, 2023.
             Got out of the dungeon alive.
             The game lasted 00:04:25 (1426 turns).

spardeous the Digger (Felid Earth Elementalist)     Turns: 1426, Time: 00:04:26

Health: 18/18      AC:  1    Str:  4    XL:     4   Next: 30%
Magic:  8/8        EV: 17    Int: 18    God:
Gold:   116        SH:  0    Dex: 17    Spells: 6/7 levels left
                                        Lives:  0   Deaths: 1

rFire   . . .        (weapon unavailable)
rCold   . . .        (shield unavailable)
rNeg    . . .        (body armour unavailable)
rPois   .            (helmet unavailable)
rElec   .            (cloak unavailable)
rCorr   .            (gloves unavailable)
SInv    +            (boots unavailable)
Will    .....        (no amulet)
Stlth   ++           (no ring)
HPRegen 0.23/turn    (no ring)
MPRegen 0.11/turn

%: no passive effects
@: quick
A: very small, claws 1, fangs 3, see invisible, speed 1, shaggy fur 1, stealthy
paws, no weapons or thrown items, no armour, multi-lived
a: no special abilities


You escaped.
You visited 1 branch of the dungeon, and saw 4 of its levels.

You collected 116 gold pieces.

Inventory:

Jewellery
 f - a ring of fire
 k - a ring of flight
Wands
 l - a wand of flame (2)
Scrolls
 b - 2 scrolls of teleportation {unknown}
 e - a scroll of noise {unknown}
 g - a scroll of poison {unknown}
 h - a scroll of identify {unknown}
 i - a scroll of enchant armour {unknown}
 j - 2 scrolls of immolation {unknown}
 m - a scroll of vulnerability {unknown}
 n - a scroll of torment {unknown}
Potions
 a - a potion of magic
 c - 3 potions of lignification {unknown}
 d - a potion of berserk rage {unknown}


   Skills:
 - Level 2.6 Dodging
 - Level 2.6 Stealth
 - Level 2.0 Spellcasting
 - Level 1.1 Transmutations
 + Level 5.4 Earth Magic


You had 6 spell levels left.
You knew the following spells:

 Your Spells              Type           Power      Damage    Failure   Level
a - Sandblast             Erth           42%        2d11      1%          1

Your spell library contained the following spells:

 Spells                   Type           Power      Damage    Failure   Level
 Passwall                 Tmut/Erth      10%        N/A       7%          2
 Kiss of Death            Conj/Necr      4%         2d5       19%         1
 Stone Arrow              Conj/Erth      22%        3d8       19%         3
 Petrify                  Tmut/Erth      13%        N/A       43%         4
 Confusing Touch          Hex            1%         N/A       47%         3
 Dispel Undead            Necr           1%         3d6       87%         4


Dungeon Overview and Level Annotations

Branches:
Dungeon (4/15)
 Temple: D:4-7

Altars:
Elyvilon
Fedhas
Zin
The Shining One

Annotations:
D:4 exclusion: oklob plant, Ijyb


Innate Abilities, Weirdness & Mutations

You have sharp claws.
You have razor-sharp teeth.
You have supernaturally acute eyesight. (SInv)
You cover ground quickly. (Speed+)
You are covered in fur. (AC +1)
Your paws help you pounce on unaware monsters.
You are incapable of wielding weapons or throwing items.
You cannot wear armour.
You gain extra lives every three experience levels.


Message History

You kill the frilled lizard!
Casting: Sandblast (safe; 1% risk of failure)
Confirm with . or Enter, or press ? or * to list all spells.
You can't see any susceptible monsters within range! (Use Z to cast anyway.) Unknown command.
You see here a frilled lizard corpse.
m - a scroll labelled KENNAI CYZELU
Found a stone staircase leading down.
Found a throwing net.
You now have 111 gold pieces (gained 16).
n - a scroll labelled YMUJUSAZYA You see here a throwing net.
A hobgoblin comes into view.
A hobgoblin is nearby!
You see here 5 gold pieces.
Casting: Sandblast (safe; 1% risk of failure)
Confirm with . or Enter, or press ? or * to list all spells.
Aiming: Sandblast (safe; 1% risk of failure)
Press: ? - help, Shift-Dir - straight line, f - hobgoblin
Aim: a hobgoblin (asleep, 100% to hit)
The blast of sand hits the hobgoblin.
The hobgoblin is almost dead.
The hobgoblin shouts!
Casting: Sandblast (safe; 1% risk of failure)
Confirm with . or Enter, or press ? or * to list all spells.
Aiming: Sandblast (safe; 1% risk of failure)
Press: ? - help, Shift-Dir - straight line, f/p - hobgoblin
Aim: a hobgoblin (almost dead, 83% to hit)
The blast of sand hits the hobgoblin!
You kill the hobgoblin!
(D) Dungeon
Where to? (Enter - D:2 @ (x,y), ? - help)
Okay, then.
You now have 116 gold pieces (gained 5).
You see here a throwing net.
You open the door.
There is an open door here.
There is a staircase leading out of the dungeon here.
Are you sure you want to leave the Dungeon?
This will make you lose the game!
You have escaped!

#...# #...# #...#
#...# #.########
#........#
########...♣♣.#####
......##...♣♣.#...#
......##......#.@.#
......##......#...#
..[..(##........###
.)....##.....####
......#..#####
##'#....## #.#^####
#...# ###>#


There were no monsters in sight!

Vanquished Creatures
  A howler monkey (D:4)
  An orc priest (D:4)
  2 orc wizards (D:4)
  2 adders
  4 endoplasms
  A giant cockroach (D:1)
  5 goblins
  2 hobgoblins
  3 ball pythons
  3 bats (D:2)
  3 frilled lizards (D:1)
  A rat (D:2)
28 creatures vanquished.

Notes
Turn   | Place    | Note
-------+----------+-------------------------------------------
     0 | D:1      | spardeous the Felid Earth Elementalist began the quest for
                  | the Orb.
     0 | D:1      | Reached XP level 1. HP: 7/7 MP: 4/4
   163 | D:1      | Reached skill level 3 in Earth Magic
   393 | D:2      | Reached XP level 2. HP: 4/11 MP: 1/6
   562 | D:3      | Found a faded altar of an unknown god.
   714 | D:4      | Reached skill level 4 in Earth Magic
   714 | D:4      | Reached XP level 3. HP: 14/14 MP: 2/7
   784 | D:4      | Reached XP level 4. HP: 18/18 MP: 4/8
   917 | D:4      | Reached skill level 5 in Earth Magic
   917 | D:4      | Reached XP level 5. HP: 21/21 MP: 6/9
   951 | D:4      | Found a glowing silver altar of Zin.
   951 | D:4      | Found a white marble altar of Elyvilon.
   951 | D:4      | Found a glowing golden altar of the Shining One.
   990 | D:4      | Found a blossoming altar of Fedhas.
  1018 | D:4      | Noticed an oklob plant
  1071 | D:4      | Noticed Ijyb
  1079 | D:4      | Killed from afar by Ijyb
  1080 | D:4      | Reached XP level 4. HP: -1/18 MP: 3/8
  1426 | D:$      | Got out of the dungeon alive.

Illustrated notes

Levels and vault maps discovered:
D:1:      amcnicky_arrival_single_pillar, layout_basic, corner_web_ring
D:2:      layout_loops_ring, amethyst_killhole, moated_statue
D:3:      layout_loops_cross, shapermc_ecumenical_altar_acropolis,
          feat_on_display
D:4:      layout_basic, dreamdust_divine_triumvirate, tgw_fedhas, uniq_ijyb

Skill      XL: |  1  2  3  4 |
---------------+-------------+-----
Earth Magic    | 3 4 5 |  5.4
Dodging        | |  2.6
Stealth        | |  2.6
Spellcasting   | |  2.0
Transmutations | |  1.1

Action                     |  1- 3 |  4- 6 || total
---------------------------+-------+-------++-------
   Cast: Sandblast         |    25 |    26 ||    51
  Dodge: Dodged            |     4 |     9 ||    13

Table legend: (Time is in decaauts)
 A = Elapsed time spent in this place.
 B = Non-inter-level travel time spent in this place.
 C = Inter-level travel time spent in this place.
 D = Time resting spent in this place.
 E = Time spent auto-exploring this place.
 F = Levels seen in this place.
 G = Mean time per level.
                   A        B        C        D        E       F      G
               +--------+--------+--------+--------+--------+-----+--------+
         Total |   1256 |   1111 |    145 |     78 |    792 |   4 |  314.0 |
       Dungeon |   1256 |   1111 |    145 |     78 |    792 |   4 |  314.0 |
               +--------+--------+--------+--------+--------+-----+--------+

Top non-repeatable levels by time:
     D:1: 346 daAuts
     D:4: 313 daAuts
     D:3: 298 daAuts
     D:2: 297 daAuts
